 Dungeon Crawl Stone Soup version 0.31-a0-1165-g196b491b36 (webtiles) character file.

Game seed: 10245966266091935151

154 DApurpleWHUMPUS the Trooper (level 5, -4/52 HPs)
             Began as a Minotaur Fighter on Dec 9, 2023.
             Slain by lucidstorm14's ghost (10 damage)
             ... on level 3 of the Dungeon.
             The game lasted 00:02:11 (2502 turns).

DApurpleWHUMPUS the Trooper (Minotaur Fighter)      Turns: 2502, Time: 00:02:12

Health: -4/52      AC:  8    Str: 20    XL:     5   Next: 13%
Magic:  4/4        EV:  9    Int:  5    God:
Gold:   121        SH:  4    Dex: 12    Spells: 4/4 levels left

rFire   . . .        a - +0 war axe
rCold   . . .        c - +0 buckler
rNeg    . . .        b - +0 scale mail
rPois   .            (helmet restricted)
rElec   .            (no cloak)
rCorr   .            (no gloves)
SInv    .            e - +0 pair of boots
Will    .....        (no amulet) Stlth
                     (no ring)
HPRegen 0.28/turn    (no ring)
MPRegen 0.09/turn

%: no passive effects
@: mighty
A: horns 2, retaliatory headbutt
a: no special abilities


You were on level 3 of the Dungeon.
You visited 1 branch of the dungeon, and saw 3 of its levels.

You collected 121 gold pieces.

Inventory:

Hand Weapons
 a - a +0 war axe (weapon)
 r - a +2 halberd of freezing
Armour
 b - a +0 scale mail (worn)
 c - a +0 buckler (worn)
 e - a +0 pair of boots (worn)
Scrolls
 g - a scroll of enchant weapon {unknown}
 i - 3 scrolls of teleportation {unknown}
 l - a scroll of acquirement {unknown}
 o - a scroll of fear {unknown}
Potions
 f - 2 potions of haste {unknown}
 h - 2 potions of degeneration {unknown}
 j - 2 potions of lignification {unknown}
 k - 2 potions of mutation {unknown}
 m - 2 potions of cancellation {unknown}
 n - a potion of resistance {unknown}
 p - a potion of enlightenment {unknown}
 q - a potion of magic {unknown}


   Skills:
 * Level 7.1 Fighting
 - Level 2.4 Axes
 - Level 3.6 Armour
 - Level 3.6 Shields


You had 4 spell levels left.
You didn't know any spells.
Your spell library contained the following spells:

 Spells                   Type           Power      Damage    Failure   Level
 Ensorcelled Hibernation  Hex/Ice        0%         N/A       95%         2
 Jinxbite                 Hex            0%         N/A       95%         2
 Sublimation of Blood     Necr           0%         N/A       95%         2
 Wereblood                Tmut           0%         N/A       95%         2
 Anguish                  Hex/Necr       0%         N/A       100%        4
 Iskenderun's Battlesphe  Conj           0%         2d6       100%        5
 Bombard                  Conj/Erth      0%         9d1       100%        6
 Spellforged Servitor     Conj/Summ      0%         N/A       100%        7
 Summon Hydra             Summ           0%         N/A       100%        7


Dungeon Overview and Level Annotations

Branches:
Dungeon (3/15)

Altars:

Shops:
D:2 [

Annotations:
D:3 lucidstorm14's ghost, weakling MiFi


Innate Abilities, Weirdness & Mutations

You have a pair of horns on your head.
You reflexively headbutt those who attack you in melee.


Message History

You kill the adder!
You feel sick. The adder barely misses you.
Lucidstorm14's ghost whispers, "Death doesn't hurt.
What you feel is life."
Your Fighting skill increases to level 7!
You have reached level 5!
You completely miss the adder.
The adder is heavily wounded.
You feel sick. You block the adder's attack.
The adder bites you but does no damage.
You hit the adder. Your headbutt misses the adder.
The adder is almost dead.
You feel sick. The adder barely misses you. You block the adder's attack.
Unknown command.
You hit the adder.
You kill the adder!
You feel sick. Lucidstorm14's ghost barely misses you.
Unknown command.
You slash lucidstorm14's ghost!
Lucidstorm14's ghost is moderately damaged.
You feel sick.
You are no longer poisoned.
Lucidstorm14's ghost hits you!
You hit lucidstorm14's ghost but do no damage.
Lucidstorm14's ghost is moderately damaged.
Lucidstorm14's ghost barely misses you. Lucidstorm14's ghost hits you!
* * * LOW HITPOINT WARNING * * *
You hit lucidstorm14's ghost.
Lucidstorm14's ghost is moderately damaged.
Lucidstorm14's ghost closely misses you.
You feel very mighty all of a sudden.
Lucidstorm14's ghost hits you but does no damage.
You slash lucidstorm14's ghost!
Your headbutt misses lucidstorm14's ghost.
Lucidstorm14's ghost is heavily damaged.
Lucidstorm14's ghost hits you!
* * * LOW HITPOINT WARNING * * *
You barely miss lucidstorm14's ghost.
Lucidstorm14's ghost is heavily damaged.
Lucidstorm14's ghost hits you!
You die...

####...#######.#
#...# #~##.#
#.#.## #?#..#
#>...###~####
#......#~#
##...###~##
##..####~###
##...##.#W#.#
##.<...#..@..#
#.........####
##..†..####
##.††## ##..#
#...# ... #..##
... #..# ...
#.)# #.#


You could see lucidstorm14's ghost.

Vanquished Creatures
  An iguana (D:2)
  4 gnolls (D:3)
  2 adders (D:3)
  4 dart slugs
  6 endoplasms
  3 giant cockroaches
  5 goblins
  6 hobgoblins
  6 jackals
  A quokka (D:2)
  7 ball pythons
  5 bats
  3 frilled lizards
  3 kobolds (D:1)
  5 rats
61 creatures vanquished.

Notes
Turn   | Place    | Note
-------+----------+-------------------------------------------
     0 | D:1      | DApurpleWHUMPUS the Minotaur Fighter began the quest for
                  | the Orb.
     0 | D:1      | Reached XP level 1. HP: 19/19 MP: 0/0
    34 | D:1      | Reached skill level 4 in Fighting
   145 | D:1      | Reached XP level 2. HP: 28/28 MP: 1/1
   412 | D:1      | Found a faded altar of an unknown god.
   600 | D:1      | Reached skill level 5 in Fighting
   618 | D:1      | Reached XP level 3. HP: 32/36 MP: 2/2
  1181 | D:2      | Reached skill level 6 in Fighting
  1181 | D:2      | Reached XP level 4. HP: 26/44 MP: 3/3
  1557 | D:2      | Found Sehellij's Antique Armour Shop.
  2416 | D:3      | Found a runed translucent door.
  2487 | D:3      | Noticed lucidstorm14's ghost (weakling MiFi)
  2494 | D:3      | Reached skill level 7 in Fighting
  2494 | D:3      | Reached XP level 5. HP: 42/52 MP: 4/4
  2502 | D:3      | Slain by lucidstorm14's ghost

Illustrated notes

Levels and vault maps discovered:
D:1:      lightli_molten_gateway, layout_loops_ring,
          shapermc_ecumenical_altar_mp_urbaneastern, grunt_decor_fettered,
          minmay_tetromino_l2
D:2:      layout_basic, serial_shops, shop
D:3:      layout_loops_ring, mainiacjoe_overflow_tiny_flanked, slow_altar_2,
          ebering_ghost_sewer_d, uniq_robin

Skill      XL: |  1  2  3  4 |
---------------+-------------+-----
Fighting       | 4 5 6 7 |  7.1
Axes           | |  2.4
Armour         | |  3.6
Shields        | |  3.6

Action                     |  1- 3 |  4- 6 || total
---------------------------+-------+-------++-------
  Melee: War axe           |    79 |    52 ||   131
         Headbutt          |    10 |     8 ||    18
    Use: Potion            |       |     1 ||     1
 Armour: Scale mail        |    51 |    42 ||    93
  Dodge: Dodged            |    33 |    29 ||    62
  Block: Buckler           |    12 |    18 ||    30

Table legend: (Time is in decaauts)
 A = Elapsed time spent in this place.
 B = Non-inter-level travel time spent in this place.
 C = Inter-level travel time spent in this place.
 D = Time resting spent in this place.
 E = Time spent auto-exploring this place.
 F = Levels seen in this place.
 G = Mean time per level.
                   A        B        C        D        E       F      G
               +--------+--------+--------+--------+--------+-----+--------+
         Total |   2554 |   2429 |    125 |    473 |   1578 |   3 |  851.3 |
       Dungeon |   2554 |   2429 |    125 |    473 |   1578 |   3 |  851.3 |
               +--------+--------+--------+--------+--------+-----+--------+

Top non-repeatable levels by time:
     D:2: 1132 daAuts
     D:1: 1036 daAuts
     D:3: 386 daAuts
